General information
- name: BNet
- type: Ladder team game (AT/RT)
- host: Battle.net
- saver: NotUrSlave
map: DragonFalls
- players: 8
- length: 17:05
- speed: Fast
- version: 1.28 W3XP
- replay type: Public
» download(151 KB)
Players
team 1 (winner)
rickyticky (
red | 69 APM | 861 actions | 12:31)
3 Blademaster
1 Wind Walk
2 Critical Strike
1 Shadow Hunter
1 Hex
» actions
| Assign group hotkey | 3 | |
| Basic commands | 13 | |
| Build / train | 40 | |
| Enter build submenu | 14 | |
| Enter hero's abilities submenu | 4 | |
| Give item / drop item | 2 | |
| Right click | 368 | |
| Select / deselect | 213 | |
| Select group hotkey | 144 | |
| Use ability | 60 | |
861 total
» units
| Peon | 9 | |
| Grunt | 5 | |
| Tauren | 2 | |
| Shaman | 2 | |
18 total
» upgrades
» buildings
| Altar of Storms | 1 | |
| Orc Burrow | 3 | |
| Barracks | 1 | |
| Voodoo Lounge | 1 | |
| Stronghold | 2 | |
| War Mill | 1 | |
| Watch Tower | 3 | |
| Fortress | 1 | |
| Spirit Lodge | 1 | |
| Tauren Totem | 1 | |
| Great Hall | 1 | |
16 total
» build order
00:34 Altar of Storms
00:38 Orc Burrow
00:56 Barracks
01:56 Voodoo Lounge
02:22 Orc Burrow
05:01 Stronghold
05:01 Stronghold
05:41 Orc Burrow
05:50 War Mill
07:06 Watch Tower
07:25 Fortress
07:56 Watch Tower
08:00 Watch Tower
08:57 Spirit Lodge
09:50 Tauren Totem
10:20 Great Hall
» items
| Healing Salve | 4 | |
| Lesser Clarity Potion | 2 | |
| Scroll of Town Portal | 2 | |
| Orb of Lightning | 1 | |
9 total
Clu (
green | 2 APM | 27 actions | 17:04)
NotUrSlave (
orange | 43 APM | 735 actions | 17:05)
» actions
| Assign group hotkey | 3 | |
| Basic commands | 7 | |
| Build / train | 46 | |
| Enter build submenu | 47 | |
| Remove unit from queue | 2 | |
| Right click | 284 | |
| Select / deselect | 234 | |
| Select group hotkey | 7 | |
| Use ability | 105 | |
735 total
» units
» upgrades
| Masonry | 3 | |
| Lumber Harvesting | 2 | |
5 total
» buildings
| Lumber Mill | 1 | |
| Scout Tower | 50 | |
| Arcane Tower | 5 | |
| Guard Tower | 20 | |
| Keep | 1 | |
| Arcane Vault | 1 | |
| Altar of Kings | 1 | |
| Castle | 1 | |
80 total
» build order
00:22 Lumber Mill
00:25 Scout Tower
00:42 Scout Tower
00:45 Scout Tower
00:47 Scout Tower
00:50 Scout Tower
00:58 Arcane Tower
01:38 Guard Tower
01:45 Guard Tower
01:58 Guard Tower
02:08 Guard Tower
02:22 Scout Tower
02:25 Scout Tower
02:28 Scout Tower
02:30 Scout Tower
03:23 Guard Tower
03:29 Guard Tower
03:42 Scout Tower
04:14 Arcane Tower
04:25 Scout Tower
04:29 Scout Tower
04:34 Keep
04:53 Scout Tower
05:28 Scout Tower
05:29 Scout Tower
05:31 Scout Tower
05:35 Scout Tower
05:36 Scout Tower
05:41 Scout Tower
05:46 Scout Tower
05:57 Scout Tower
06:02 Guard Tower
06:03 Guard Tower
06:06 Guard Tower
06:08 Guard Tower
06:37 Arcane Tower
06:44 Arcane Tower
06:51 Arcane Tower
08:07 Scout Tower
08:09 Scout Tower
08:10 Scout Tower
08:11 Scout Tower
08:12 Scout Tower
08:13 Scout Tower
08:15 Scout Tower
08:17 Scout Tower
08:19 Arcane Vault
08:22 Altar of Kings
09:04 Guard Tower
09:22 Scout Tower
09:25 Scout Tower
10:10 Scout Tower
10:13 Scout Tower
10:20 Guard Tower
10:37 Guard Tower
10:39 Guard Tower
10:45 Guard Tower
11:41 Castle
11:48 Guard Tower
11:56 Guard Tower
12:01 Guard Tower
12:10 Guard Tower
13:47 Scout Tower
13:48 Scout Tower
13:50 Scout Tower
13:51 Scout Tower
13:54 Scout Tower
13:59 Scout Tower
14:00 Scout Tower
14:01 Scout Tower
14:02 Scout Tower
14:04 Scout Tower
14:05 Scout Tower
14:07 Scout Tower
14:08 Scout Tower
14:09 Scout Tower
14:10 Scout Tower
14:10 Scout Tower
14:11 Scout Tower
14:51 Guard Tower
15:04 Guard Tower
|c00DDA0DDgucci (
pink | 89 APM | 1400 actions | 15:42)
3 Priestess of the Moon
2 Trueshot Aura
1 Scout
» actions
| Assign group hotkey | 19 | |
| Basic commands | 25 | |
| Build / train | 60 | |
| ESC pressed | 4 | |
| Enter build submenu | 24 | |
| Enter hero's abilities submenu | 3 | |
| Give item / drop item | 2 | |
| Remove unit from queue | 2 | |
| Right click | 624 | |
| Select / deselect | 230 | |
| Select group hotkey | 364 | |
| Use ability | 43 | |
1400 total
» units
» upgrades
| Strength of the Moon | 2 | |
| Strength of the Wild | 0 | |
| Moon Armor | 2 | |
4 total
» buildings
| Moon Well | 4 | |
| Ancient of War | 2 | |
| Altar of Elders | 1 | |
| Hunter's Hall | 1 | |
| Ancient Protector | 9 | |
| Tree of Life | 2 | |
| Tree of Ages | 1 | |
| Ancient of Wonders | 1 | |
| Tree of Eternity | 1 | |
| Ancient of Wind | 3 | |
25 total
» build order
00:11 Moon Well
00:18 Ancient of War
01:24 Moon Well
02:01 Altar of Elders
02:21 Moon Well
03:33 Hunter's Hall
04:44 Ancient Protector
05:16 Tree of Life
05:43 Tree of Ages
06:13 Ancient of Wonders
06:22 Ancient Protector
06:49 Ancient Protector
07:01 Ancient Protector
07:09 Ancient Protector
08:22 Tree of Eternity
08:56 Moon Well
09:30 Ancient of Wind
09:33 Ancient of Wind
09:37 Ancient of Wind
09:42 Ancient Protector
10:27 Ancient Protector
10:30 Ancient Protector
10:35 Ancient Protector
10:43 Ancient of War
11:49 Tree of Life
» items
| Scroll of Town Portal | 1 | |
| Orb of Venom | 1 | |
| Potion of Healing | 1 | |
3 total
team 2 (loser)
mm6.smoke (
yellow | 46 APM | 788 actions | 17:04)
5 Mountain King
3 Storm Bolt
2 Bash
2 Blood Mage
1 Siphon Mana
1 Flame Strike
» actions
| Assign group hotkey | 29 | |
| Basic commands | 84 | |
| Build / train | 79 | |
| Enter build submenu | 23 | |
| Enter hero's abilities submenu | 7 | |
| Give item / drop item | 6 | |
| Remove unit from queue | 2 | |
| Right click | 293 | |
| Select / deselect | 192 | |
| Select group hotkey | 12 | |
| Use ability | 61 | |
788 total
» units
| Peasant | 19 | |
| Footman | 6 | |
| Goblin Shredder | 2 | |
| Knight | 2 | |
| Priest | 2 | |
| Spell Breaker | 2 | |
| Mortar Team | 1 | |
| Gryphon Rider | 3 | |
| Flying Machine | 1 | |
38 total
» upgrades
| Masonry | 1 | |
| Lumber Harvesting | 2 | |
| Swords | 2 | |
| Gunpowder | 2 | |
| Animal War Training | 1 | |
| Control Magic | 1 | |
| Fragmentation Shards | 1 | |
| Flare | 1 | |
| Storm Hammers | 1 | |
| Armor | 2 | |
| Priest Training | 1 | |
| Magic Sentry | 1 | |
16 total
» buildings
| Altar of Kings | 1 | |
| Farm | 10 | |
| Barracks | 1 | |
| Town Hall | 2 | |
| Lumber Mill | 1 | |
| Arcane Vault | 1 | |
| Keep | 2 | |
| Blacksmith | 1 | |
| Castle | 2 | |
| Gryphon Aviary | 3 | |
| Arcane Sanctum | 1 | |
| Workshop | 1 | |
26 total
» build order
00:11 Altar of Kings
00:20 Farm
00:29 Barracks
00:58 Farm
01:37 Farm
03:27 Town Hall
04:17 Lumber Mill
04:23 Arcane Vault
04:45 Keep
04:45 Keep
04:49 Farm
05:49 Farm
05:52 Farm
05:59 Blacksmith
06:28 Farm
07:07 Castle
07:08 Castle
08:30 Gryphon Aviary
08:34 Gryphon Aviary
08:40 Gryphon Aviary
08:46 Arcane Sanctum
08:49 Farm
08:50 Farm
08:54 Workshop
09:53 Farm
14:21 Town Hall
» items
| Healing Salve | 1 | |
| Lesser Clarity Potion | 1 | |
| Scroll of Speed | 1 | |
| Boots of Speed | 1 | |
4 total

»
poto (
teal | 85 APM | 1449 actions | 17:04)
4 Death Knight
2 Death Coil
2 Unholy Aura
4 Lich
2 Frost Nova
2 Frost Armor
2 Crypt Lord
1 Impale
1 Spiked Carapace
» actions
| Assign group hotkey | 41 | |
| Basic commands | 58 | |
| Build / train | 59 | |
| Enter build submenu | 15 | |
| Enter hero's abilities submenu | 10 | |
| Give item / drop item | 6 | |
| Right click | 359 | |
| Select / deselect | 216 | |
| Select group hotkey | 620 | |
| Use ability | 64 | |
1449 total
» units
| Acolyte | 10 | |
| Ghoul | 2 | |
| Crypt Fiend | 8 | |
| Goblin Shredder | 2 | |
| Frost Wyrm | 3 | |
25 total
» upgrades
| Web | 1 | |
| Creature Attack | 3 | |
| Burrow | 1 | |
| Creature Carapace | 3 | |
8 total
» buildings
| Crypt | 1 | |
| Ziggurat | 7 | |
| Graveyard | 1 | |
| Altar of Darkness | 1 | |
| Tomb of Relics | 1 | |
| Nerubian Tower | 1 | |
| Halls of the Dead | 1 | |
| Black Citadel | 1 | |
| Sacrificial Pit | 1 | |
| Boneyard | 3 | |
18 total
» build order
00:36 Crypt
00:39 Ziggurat
00:46 Graveyard
01:04 Altar of Darkness
01:08 Tomb of Relics
01:27 Ziggurat
01:42 Nerubian Tower
03:39 Halls of the Dead
04:24 Ziggurat
06:41 Ziggurat
09:20 Black Citadel
09:57 Ziggurat
11:15 Ziggurat
11:20 Sacrificial Pit
12:45 Boneyard
12:49 Boneyard
12:50 Boneyard
14:27 Ziggurat
» items
| Rod of Necromancy | 4 | |
| Healing Salve | 1 | |
| Potion of Healing | 2 | |
| Orb of Corruption | 1 | |
| Scroll of Healing | 1 | |
| Scroll of Town Portal | 1 | |
10 total

»
Shakal (
purple | 35 APM | 595 actions | 17:04)
5 Tauren Chieftain
2 War Stomp
3 Endurance Aura
3 Dark Ranger
2 Black Arrow
1 Life Drain
» actions
| Assign group hotkey | 14 | |
| Build / train | 68 | |
| Enter build submenu | 18 | |
| Enter hero's abilities submenu | 8 | |
| Give item / drop item | 2 | |
| Right click | 198 | |
| Select / deselect | 114 | |
| Select group hotkey | 128 | |
| Use ability | 45 | |
595 total
» units
| Peon | 15 | |
| Troll Headhunter/Berserker | 23 | |
| Troll Witch Doctor | 6 | |
44 total
» upgrades
| Ranged Weapons | 3 | |
| Troll Regeneration | 1 | |
| Armor | 2 | |
| Berserker Upgrade | 1 | |
| Witch Doctor Training | 2 | |
| Shaman Training | 1 | |
10 total
» buildings
| Orc Burrow | 9 | |
| War Mill | 1 | |
| Barracks | 2 | |
| Altar of Storms | 1 | |
| Voodoo Lounge | 1 | |
| Stronghold | 1 | |
| Great Hall | 1 | |
| Watch Tower | 2 | |
| Fortress | 1 | |
| Spirit Lodge | 1 | |
20 total
» build order
00:26 Orc Burrow
00:58 War Mill
01:11 Barracks
01:23 Altar of Storms
01:37 Orc Burrow
02:30 Voodoo Lounge
02:55 Orc Burrow
04:23 Stronghold
05:04 Great Hall
05:11 Watch Tower
06:43 Orc Burrow
06:55 Fortress
07:01 Watch Tower
07:56 Orc Burrow
08:33 Barracks
08:38 Spirit Lodge
09:34 Orc Burrow
10:26 Orc Burrow
12:54 Orc Burrow
12:55 Orc Burrow
» items
| Healing Salve | 1 | |
| Periapt of Vitality | 1 | |
2 total
ZENON_MARTYNIUK (
blue | 46 APM | 793 actions | 17:04)
4 Blademaster
2 Wind Walk
2 Critical Strike
» actions
| Assign group hotkey | 4 | |
| Basic commands | 2 | |
| Build / train | 46 | |
| Enter build submenu | 11 | |
| Enter hero's abilities submenu | 4 | |
| Give item / drop item | 1 | |
| Right click | 432 | |
| Select / deselect | 217 | |
| Select group hotkey | 28 | |
| Use ability | 48 | |
793 total
» units
| Peon | 11 | |
| Troll Batrider | 9 | |
| Goblin Shredder | 1 | |
| Green Dragon | 1 | |
22 total
» upgrades
| Ranged Weapons | 3 | |
| Liquid Fire | 1 | |
| Reinforced Defenses | 1 | |
5 total
» buildings
| Altar of Storms | 1 | |
| Orc Burrow | 4 | |
| Voodoo Lounge | 1 | |
| Stronghold | 2 | |
| War Mill | 1 | |
| Beastiary | 2 | |
| Fortress | 1 | |
| Great Hall | 2 | |
| Watch Tower | 6 | |
20 total
» build order
00:07 Altar of Storms
00:12 Orc Burrow
00:52 Voodoo Lounge
02:41 Stronghold
02:42 Stronghold
03:39 Orc Burrow
03:40 Orc Burrow
04:20 Orc Burrow
04:24 War Mill
05:16 Beastiary
05:18 Beastiary
05:23 Fortress
12:05 Great Hall
12:07 Watch Tower
12:07 Watch Tower
12:07 Watch Tower
12:07 Watch Tower
12:08 Watch Tower
12:08 Watch Tower
15:17 Great Hall
» items
| Healing Salve | 2 | |
| Lesser Clarity Potion | 3 | |
| Scroll of Speed | 1 | |
| Rod of Necromancy | 3 | |
| Boots of Speed | 1 | |
10 total
Chat log
(00:27 / Allies) |c00DDA0DDgucci: hi
(00:39 / Allies) |c00DDA0DDgucci: always one afk
(00:50 / Allies) rickyticky: тще ище
(00:53 / Allies) rickyticky: not bot
(01:04 / Allies) |c00DDA0DDgucci: y he usually plays
(01:20 / Allies) rickyticky: dont hear (
(01:32 / Allies) |c00DDA0DDgucci: only us :D
(01:47 / Allies) |c00DDA0DDgucci: its because fucking blizzard doesnt warn anymore
(01:49 / Allies) rickyticky: its problem on new update
(01:53 / Allies) |c00DDA0DDgucci: y
(02:05 / Allies) rickyticky: for windows 10
(02:47 / Allies) rickyticky: too long search game and cant play normally
(02:52 / Allies) |c00DDA0DDgucci: yes
(02:53 / Allies) |c00DDA0DDgucci: me too
(06:53 / Allies) rickyticky: wtf
(08:14 / Allies) rickyticky: he bats
(08:17 / Allies) rickyticky: or riders
(08:39 / Allies) rickyticky: tp?
(08:42 / Allies) |c00DDA0DDgucci: all defend?
(08:43 / Allies) |c00DDA0DDgucci: yes
(10:12 / Allies) rickyticky: wood?
(11:41 / Allies) |c00DDA0DDgucci: lets go other game
(11:43 / Allies) |c00DDA0DDgucci: orange is shit
(11:53 / Allies) NotUrSlave: u got batted
(11:54 / Allies) NotUrSlave: no me
(12:09 / Allies) |c00DDA0DDgucci: go play 1on1 thats fine
(12:15 / Allies) NotUrSlave: i prefer team
(12:25 / Allies) |c00DDA0DDgucci: youre just stupid
(12:32 / Allies) NotUrSlave: that's just your opinion
(12:38 / Allies) |c00DDA0DDgucci: no its a fact
(12:44 / Allies) |c00DDA0DDgucci: i watch you go down
(12:48 / Allies) |c00DDA0DDgucci: your towers are shit
(12:48 / Allies) NotUrSlave: just ur opinion
(12:55 / Allies) |c00DDA0DDgucci: hahaha, your stupid
(13:00 / Allies) NotUrSlave: yet I will outlast you
(13:08 / Allies) |c00DDA0DDgucci: see, stupid
(13:09 / Allies) NotUrSlave: so better than your strat
(13:20 / Allies) |c00DDA0DDgucci: your strat leads nowhere
(13:24 / Allies) NotUrSlave: Stop heckling from the stands
(13:26 / Allies) NotUrSlave: you observer
(13:32 / Allies) NotUrSlave: Let the people still in it play
(14:19 / Allies) NotUrSlave: tk
(14:20 / Allies) NotUrSlave: faggot
(15:05 / Allies) |c00DDA0DDgucci: youre not getting anything noob
(15:12 / All) NotUrSlave: Pink sabotaged me
(15:17 / All) NotUrSlave: Not a fair match, sorry guys
(15:23 / All) |c00DDA0DDgucci: tked him
(15:26 / All) |c00DDA0DDgucci: the fucker
(16:02 / All) NotUrSlave: you lack honor
(16:11 / All) NotUrSlave: you should have gave me 10 minute true since he tried to tk